 Dungeon Crawl Stone Soup version 0.27-a0-1200-g94dc6ad4cf (webtiles) character file.

Game seed: 13012021531954514686

20312 freelancePsychic the Dealer of Despair (level 12, -2/95 HPs)
             Began as a Demonspawn Necromancer on May 30, 2021.
             Was an Elder of Kikubaaqudgha.
             Shot with a bolt by a yaktaur captain (39 damage)
             ... on level 10 of the Dungeon.
             The game lasted 00:57:34 (22043 turns).

freelancePsychic the Dealer of Despair (DsNe)      Turns: 22043, Time: 00:57:35

Health: -2/95      AC: 12    Str:  9    XL:     12   Next: 44%
Magic:  10/25      EV: 13    Int: 29    God:    Kikubaaqudgha [****..]
Gold:   1357       SH:  0    Dex: 14    Spells: 2/29 levels left

rFire    . . .     SeeInvis .   r - +2 whip (elec)
rCold    . . .     Faith    .   L - +2 buckler
rNeg     . . .     Spirit   .   K - +0 steam dragon scales
rPois    .         Reflect  .   w - +2 helmet
rElec    .         Harm     .   (no cloak)
rCorr    .         Rampage  .   p - +2 pair of gloves
Will     .....                  z - +0 pair of boots
Stlth    +.........             (no amulet)
HPRegen  0.25/turn              m - +6 ring of intelligence
MPRegen  0.19/turn              (no ring)

@: confused, slowed, very slow
A: demonic guardian 1, foul stench 2, big brain 1
a: Renounce Religion, Receive Corpses


You were on level 10 of the Dungeon.
You worshipped Kikubaaqudgha.
Kikubaaqudgha was greatly pleased with you.
You visited 3 branches of the dungeon, and saw 13 of its levels.

You collected 1537 gold pieces.
You spent 180 gold pieces at shops.

Inventory:

Hand Weapons
 c - a +0 hunting sling
 d - a +0 whip
 r - a +2 whip of electrocution (weapon)
 F - a +3 great mace of draining
Missiles
 H - 5 atropa-tipped darts
Armour
 a - a +0 robe
 h - a +0 ring mail of fire resistance
 i - a +1 scale mail of fire resistance
 p - a +2 pair of gloves (worn)
 w - a +2 helmet (worn)
 z - a +0 pair of boots (worn)
 K - +0 steam dragon scales (worn)
 L - a +2 buckler (worn)
Jewellery
 m - a +6 ring of intelligence (left hand)
 n - a ring of fire
Wands
 q - a wand of digging (1)
 u - a wand of flame (26)
 G - a wand of polymorph (5)
 J - a wand of iceblast (8)
 N - a wand of charming (9)
Scrolls
 b - a scroll of enchant armour
 s - 2 scrolls of enchant weapon
 t - 3 scrolls of vulnerability
 x - 2 scrolls of fear
 y - a scroll of noise {unknown}
 B - 3 scrolls of silence
 C - 2 scrolls of magic mapping
 D - a scroll of teleportation {@r4}
 I - 3 scrolls of identify {@r1}
 M - 2 scrolls of holy word {unknown}
Potions
 e - a potion of flight {unknown}
 f - 4 potions of curing {@q1}
 g - 2 potions of haste {@q3}
 j - a potion of attraction {unknown}
 k - 2 potions of brilliance {unknown}
 l - 5 potions of heal wounds {@q2}
 o - 2 potions of might {unknown}
 v - a potion of lignification {unknown}
 A - a potion of degeneration {unknown}
 E - a potion of resistance {unknown}


   Skills:
 + Level 9.2 Fighting
 - Level 10.3 Maces & Flails
 + Level 3.7 Dodging
 - Level 1.7 Stealth
 - Level 4.0 Shields
 - Level 9.1 Spellcasting
 - Level 10.7 Necromancy
 - Level 4.0 Earth Magic


You had 2 spell levels left.
You knew the following spells:

 Your Spells              Type           Power      Damage    Failure   Level
a - Borgnjor's Vile Clut  Necr/Erth      27%        N/A       5%          5
b - Vampiric Draining     Necr           33%        2d10      1%          3
c - Animate Dead          Necr           33%        N/A       1%          4
d - Agony                 Necr           66%        N/A       1%          5
e - Dispel Undead         Necr           66%        3d23      1%          4
f - Death Channel         Necr           33%        N/A       8%          6

Your spell library contained the following spells:

 Spells                   Type           Power      Damage    Failure   Level
 Animate Skeleton         Necr           100%       N/A       1%          1
 Pain                     Necr           100%       1d9       1%          1
 Corpse Rot               Necr/Air       N/A        N/A       1%          2
 Sublimation of Blood     Necr           33%        N/A       1%          2
 Apportation              Tloc           26%        N/A       4%          1
 Magic Dart               Conj           52%        1d5       4%          1
 Searing Ray              Conj           26%        3d4       6%          2
 Dazzling Flash           Conj/Hex       26%        N/A       12%         3
 Lesser Beckoning         Tloc           6%         N/A       12%         3
 Tukima's Dance           Hex            13%        N/A       12%         3
 Fulminant Prism          Conj/Hex       6%         3d7       38%         4
 Iskenderun's Mystic Bla  Conj/Tloc      13%        2d5       38%         4
 Simulacrum               Ice/Necr       22%        N/A       56%         6
 Alistair's Intoxication  Tmut/Pois      8%         N/A       75%         5
 Invisibility             Hex            13%        N/A       99%         6


Dungeon Overview and Level Annotations

Branches:
Dungeon (10/15)            Temple (1/1) D:5             Orc (2/2) D:9
    Elf (0/3) Orc:2
   Lair: D:8-11

Altars:
Ashenzari
Fedhas
Kikubaaqudgha
Okawaru
Sif Muna
Uskayaw
Zin
Beogh

Shops:
Orc:2 [(:*[


Innate Abilities, Weirdness & Mutations

A weak demonic guardian rushes to your aid.
You sometimes emit foul miasma when damaged in melee.
You have an unusually large brain. (Int +2)


Message History

The yaktaur captain wields a +0 arbalest.
The yaktaur captain shoots a bolt.
The bolt barely misses you.
Casting: Agony (dangerous; 1% risk of failure)
Confirm with . or Enter, or press ? or * to list all spells.
Aiming: Vampiric Draining (safe; 1% risk of failure)
Press: ? - help, Shift-Dir - straight line, f/p - stone giant
Aim: a stone giant, quivering large rocks (heavily wounded, constricted by zombie hands, ally target)
Okay, then.
Casting: Vampiric Draining (safe; 1% risk of failure)
Confirm with . or Enter, or press ? or * to list all spells.
Aiming: Vampiric Draining (safe; 1% risk of failure)
Press: ? - help, Shift-Dir - straight line, f/p - stone giant
Aim: a stone giant, quivering large rocks (heavily wounded, constricted by zombie hands, ally target)
You draw life force from the stone giant.
You feel life coursing into your body.
The zombie hands constrict the stone giant.
Your ufetubus hits the stone giant but does no damage. x2
The stone giant hits your ufetubus.
The yaktaur captain shoots a bolt.
The bolt barely misses you.
Your ufetubus hits the stone giant.
Your ufetubus hits the stone giant but does no damage.
Casting: Vampiric Draining (safe; 1% risk of failure)
Confirm with . or Enter, or press ? or * to list all spells.
Aiming: Vampiric Draining (safe; 1% risk of failure)
Press: ? - help, Shift-Dir - straight line, f/p - stone giant
Aim: a stone giant, quivering large rocks (severely wounded, constricted by zombie hands, ally target)
You draw life force from the stone giant!
You feel life coursing into your body.
The zombie hands constrict the stone giant!
You kill the stone giant!
Kikubaaqudgha accepts your kill.
The deep elf archer gestures at you while chanting.
You are confused.
The yaktaur captain shoots a bolt.
The bolt hits your ufetubus!!!
Your ufetubus dies!
You bump into the metal wall.
The deep elf archer gestures at you while chanting.
You feel yourself slow down.
The yaktaur captain shoots a bolt.
The bolt hits you!!!
You die...
Kikubaaqudgha rasps: "You have failed me!
Welcome... death!"

.........#
.........#
.........#
........#######
#######.'...#""
###...#):###
#...#..c.#
#...#.e(.#
#########...####@#
........#........#
........#........#
#########........#
##########
##########
.........#
.........#
##########


You could see a yaktaur captain and a deep elf archer (repels missiles).

Vanquished Creatures
  An orc warlord (Orc:2)
  A stone giant (D:10)
  A rakshasa (D:10)
  The ghost of Rohain the Grappler, a novice TrMo (D:9)
  A hydra (D:10)
  A centaur warrior (D:9)
  An orc high priest (Orc:2)
  A two-headed ogre (D:10)
  A tengu warrior (D:9)
  5 orc knights
  3 orc sorcerers (Orc:2)
  A centaur zombie (D:10)
  4 trolls
  2 hornets
  Prince Ribbit (D:5)
  2 slime creatures (D:8)
  A shadow (D:9)
  3 steam dragons
  Edmund (D:5)
  A warg (Orc:1)
  Duvessa (D:4)
  An acid dragon (D:9)
  A water moccasin (D:7)
  A black bear (D:4)
  14 orc warriors
  2 sky beasts
  2 necrophages (D:5)
  2 centaurs (D:7)
  8 ogres
  A phantom (D:6)
  5 kobold brigands
  Blork the orc (Orc:2)
  3 bullfrogs
  2 scorpions (D:5)
  2 gnoll sergeants
  A wyvern skeleton (D:5)
  Dowan (D:4)
  19 killer bees
  12 wights
  6 howler monkeys
  A bullfrog zombie (D:5)
  4 jellies
  2 hounds
  11 orc priests
  2 gnoll shamans
  17 orc wizards
  3 iguanas
  2 killer bee zombies
  A howler monkey zombie (D:6)
  29 gnolls
  A howler monkey skeleton (D:6)
  8 adders
  3 shadow imps
  A white imp (D:6)
  2 worms (D:3)
  3 dart slugs
  52 orcs
  8 endoplasms
  A giant cockroach (D:1)
  13 goblins
  10 hobgoblins
  3 jackals (D:1)
  19 kobolds
  3 quokkas
  7 ball pythons
  5 bats
  A frilled lizard (D:2)
  3 rats
333 creatures vanquished.

Vanquished Creatures (collateral kills)
  A gargoyle (D:10)
  3 orc warriors
  A centaur (D:9)
  An ogre (D:3)
  A killer bee (D:10)
  4 orc priests
  2 orc wizards (Orc:1)
  A killer bee zombie (D:7)
  9 orcs
  An endoplasm (D:8)
  3 jackals (D:1)
  A rat (D:3)
28 creatures vanquished.

Vanquished Creatures (others)
  9 fungi
  50 plants
  7 toadstools (D:8)
66 creatures vanquished.

Grand Total: 427 creatures vanquished

Notes
Turn   | Place    | Note
-------+----------+-------------------------------------------
     0 | D:1      | freelancePsychic the Demonspawn Necromancer began the quest
                  | for the Orb.
     0 | D:1      | Reached XP level 1. HP: 13/13 MP: 3/3
   434 | D:1      | Reached skill level 1 in Fighting
   434 | D:1      | Gained mutation: A weak demonic guardian rushes to your
                  | aid. [demonic ancestry]
   434 | D:1      | Reached XP level 2. HP: 18/21 MP: 0/5
   830 | D:1      | Found a faded altar of an unknown god.
  1773 | D:2      | Reached skill level 5 in Necromancy
  1773 | D:2      | Gained mutation: You may rarely emit foul miasma when
                  | damaged in melee. [demonic ancestry]
  1773 | D:2      | Reached XP level 3. HP: 24/27 MP: 3/6
  2873 | D:3      | Reached XP level 4. HP: 33/34 MP: 5/7
  3376 | D:3      | Noticed an ogre
  3447 | D:3      | Killed an ogre
  3448 | D:3      | Reached skill level 1 in Maces & Flails
  3448 | D:3      | Reached XP level 5. HP: 18/39 MP: 8/8
  3761 | D:3      | Learned a level 3 spell: Vampiric Draining
  3881 | D:3      | Found an iron altar of Okawaru.
  3917 | D:3      | Found a hide-covered altar of Uskayaw.
  4697 | D:4      | Reached XP level 6. HP: 44/46 MP: 6/9
  4777 | D:4      | Noticed Dowan
  4778 | D:4      | Noticed Duvessa
  4791 | D:4      | Killed Dowan
  4959 | D:4      | Killed Duvessa
  4960 | D:4      | Reached XP level 7. HP: 42/51 MP: 3/10
  5719 | D:5      | Entered Level 5 of the Dungeon
  5719 | D:5      | Found a staircase to the Ecumenical Temple.
  6442 | Temple   | Entered the Ecumenical Temple
  6516 | Temple   | Became a worshipper of Kikubaaqudgha
  6683 | D:5      | Reached skill level 5 in Maces & Flails
  6772 | D:5      | Noticed Edmund
  6820 | D:5      | Gained mutation: You sometimes emit foul miasma when
                  | damaged in melee. [demonic ancestry]
  6820 | D:5      | Reached XP level 8. HP: 18/57 MP: 2/11
  7250 | D:5      | Learned a level 4 spell: Animate Dead
  7383 | D:5      | Noticed Prince Ribbit
  7396 | D:5      | Killed Prince Ribbit
  8070 | D:5      | Killed Edmund
  8434 | D:6      | Reached skill level 10 in Necromancy
  8976 | D:6      | Reached XP level 9. HP: 62/62 MP: 12/12
  9669 | D:7      | Reached * piety under Kikubaaqudgha
  9669 | D:7      | Identified Kikubaaqudgha's Catalogue of Black Magic
                  | (Kikubaaqudgha gifted it to you on level 7 of the Dungeon)
  9669 | D:7      | Received a gift from Kikubaaqudgha
 10188 | D:7      | Noticed a troll
 10193 | D:7      | Killed a troll
 11037 | D:7      | Learned a level 5 spell: Agony
 11117 | D:8      | Reached ** piety under Kikubaaqudgha
 11909 | D:8      | Gained mutation: You have an unusually large brain. (Int
                  | +2) [demonic ancestry]
 11909 | D:8      | Reached XP level 10. HP: 64/68 MP: 9/17
 12017 | D:8      | Learned a level 2 spell: Corpse Rot
 12241 | D:8      | Reached skill level 5 in Spellcasting
 12445 | D:8      | Reached skill level 1 in Shields
 13031 | D:9      | Noticed a centaur warrior
 13250 | D:8      | Reached *** piety under Kikubaaqudgha
 13250 | D:8      | Identified Kikubaaqudgha's Catalogue of Necromancy
                  | (Kikubaaqudgha gifted it to you on level 8 of the Dungeon)
 13250 | D:8      | Received a gift from Kikubaaqudgha
 13258 | D:8      | Learned a level 4 spell: Dispel Undead
 13449 | D:9      | Found a staircase to the Orcish Mines.
 13849 | D:9      | Reached skill level 10 in Maces & Flails
 14144 | D:9      | Found a runed translucent door.
 14148 | D:9      | Noticed Rohain's ghost (novice TrMo)
 14491 | D:9      | Killed a centaur warrior
 14819 | D:9      | Killed Rohain's ghost
 14820 | D:9      | Reached XP level 11. HP: 27/78 MP: 2/20
 15069 | D:10     | Entered Level 10 of the Dungeon
 15476 | D:10     | Noticed a two-headed ogre
 15487 | D:10     | Killed a two-headed ogre
 15488 | D:10     | Reached skill level 5 in Fighting
 15618 | D:10     | Learned a level 6 spell: Death Channel
 15951 | D:10     | Noticed a rakshasa
 15958 | D:10     | Noticed an eight-headed hydra
 15958 | D:10     | Noticed a tengu warrior
 16104 | Orc:1    | Entered Level 1 of the Orcish Mines
 16123 | Orc:1    | Noticed an orc knight
 16365 | Orc:1    | Killed an orc knight
 16744 | Orc:2    | Entered Level 2 of the Orcish Mines
 17473 | Orc:2    | Noticed an orc sorcerer
 17491 | Orc:2    | Killed an orc sorcerer
 17511 | Orc:2    | Noticed an orc warlord
 17517 | Orc:2    | Reached **** piety under Kikubaaqudgha
 17936 | Orc:2    | Found a staircase to the Elven Halls.
 17939 | Orc:2    | Found Qaiwno's Antique Armour Shoppe.
 17993 | Orc:2    | Noticed an orc sorcerer
 18017 | Orc:2    | Killed an orc sorcerer
 18242 | Orc:2    | Killed an orc warlord
 19060 | Orc:2    | Noticed an orc knight
 19221 | Orc:2    | Noticed an orc sorcerer
 19232 | Orc:2    | Killed an orc sorcerer
 19289 | Orc:2    | Noticed an orc knight
 19304 | Orc:2    | Killed an orc knight
 19443 | Orc:2    | Noticed Blork the orc
 19448 | Orc:2    | Noticed an orc knight
 19471 | Orc:2    | Killed an orc knight
 19475 | Orc:2    | Killed Blork the orc
 20090 | Orc:2    | Noticed an orc knight
 20132 | Orc:2    | Killed an orc knight
 20133 | Orc:2    | Reached XP level 12. HP: 58/94 MP: 3/25
 20271 | Orc:2    | Learned a level 5 spell: Borgnjor's Vile Clutch
 20387 | Orc:2    | Noticed an orc high priest
 20532 | Orc:2    | Reached skill level 1 in Earth Magic
 20542 | Orc:2    | Killed an orc high priest
 20716 | Orc:2    | Found Dappysm's Antique Armour Shop.
 20737 | Orc:2    | Found Hunonlech's Book Shop.
 20766 | Orc:2    | Found Qaeloph's Antique Weapon Shop.
 20801 | Orc:2    | Found Iqeoklo's General Store.
 21272 | Orc:2    | Bought a glowing buckler for 180 gold pieces
 21331 | D:9      | Killed a tengu warrior
 21418 | D:10     | Killed a rakshasa
 21949 | D:10     | Killed an eight-headed hydra
 22037 | D:10     | Noticed a stone giant
 22038 | D:10     | Noticed a yaktaur captain
 22042 | D:10     | Killed a stone giant
 22043 | D:10     | Shot with a bolt by a yaktaur captain

Illustrated notes

Levels and vault maps discovered:
D:1:      dpeg_arrival_pits, layout_basic, serial_bayou, serial_bayou_shore_a,
          serial_bayou_pond_d, serial_bayou_shore_b, serial_bayou_lagoon_a,
          shapermc_ecumenical_altar_mp_urbaneastern
D:2:      layout_loops_corners
D:3:      layout_loops_ring, minitemple, minivault_27
D:4:      layout_basic, uniq_duvessa
D:5:      layout_gridville, minmay_temple_entry_trees, uniq_edmund,
          uniq_prince_ribbit1
D:6:      layout_loops_cross, serial_bayou_pond_c, chequers_arboretum,
          grunt_decor_arrowhead
D:7:      corexii_shantytown, layout_basic
D:8:      cheibrodos_fertilizer, layout_rooms
D:9:      layout_rooms, minmay_orc_entry_temple_small, gammafunk_ghost_grave
D:10:     minmay_shrinking_squares, layout_long_grid
Temple:   regret_index_temple_chain_breaker
Orc:1:    layout_caves
Orc:2:    grunt_orc_cross, layout_caves, basic_altar, serial_shops, shop

Skill      XL: |  1  2  3  4  5  6  7  8  9 10 11 12 |
---------------+-------------------------------------+-----
Fighting       | 1 2 4 8 9 |  9.2
Necromancy     | 5 6 7 8 10 | 10.7
Maces & Flails | 1 2 3 5 7 8 10 | 10.3
Spellcasting   | 4 6 9 |  9.1
Shields        | 4 |  4.0
Earth Magic    | 4 |  4.0
Dodging        | 3 |  3.7
Stealth        | |  1.7

Action                   |  1- 3 |  4- 6 |  7- 9 | 10-12 || total
-------------------------+-------+-------+-------+-------++-------
Melee: Unarmed           |     8 |       |       |       ||     8
       Whip              |    41 |    98 |   391 |   443 ||   973
 Cast: Pain              |    48 |    22 |    70 |    22 ||   162
       Vampiric Draining |       |     2 |    22 |    51 ||    75
       Agony             |       |       |     2 |    40 ||    42
       Dispel Undead     |       |       |       |     9 ||     9
       Animate Dead      |       |       |       |    11 ||    11
       Corpse Rot        |       |       |       |     1 ||     1
       Death Channel     |       |       |       |    10 ||    10
       Borgnjor's Vile C |       |       |       |    22 ||    22
Invok: Receive Corpses   |       |       |       |     9 ||     9
Evoke: Wand              |       |       |       |     3 ||     3
  Use: Scroll            |       |     7 |     6 |     6 ||    19
       Potion            |       |     2 |     1 |     6 ||     9
 Stab: Sleeping          |       |       |     3 |     1 ||     4
       Distracted        |       |       |       |     3 ||     3
Armor: Robe              |     7 |       |       |       ||     7
       Ring mail         |    12 |    48 |   172 |    46 ||   278
       Steam dragon scal |       |       |       |   122 ||   122
Dodge: Dodged            |    34 |    55 |   192 |   228 ||   509
Block: Buckler           |       |       |       |   119 ||   119

Table legend: (Time is in decaauts)
 A = Elapsed time spent in this place.
 B = Non-inter-level travel time spent in this place.
 C = Inter-level travel time spent in this place.
 D = Time resting spent in this place.
 E = Time spent auto-exploring this place.
 F = Levels seen in this place.
 G = Mean time per level.
                   A        B        C        D        E       F      G
               +--------+--------+--------+--------+--------+-----+--------+
         Total |  21793 |  20872 |    921 |   6150 |  11746 |  13 | 1676.4 |
       Dungeon |  16797 |  16042 |    755 |   3967 |   9942 |  10 | 1679.7 |
        Temple |     83 |     74 |      9 |      0 |     69 |   1 |   83.0 |
  Orcish Mines |   4911 |   4754 |    157 |   2183 |   1735 |   2 | 2455.5 |
               +--------+--------+--------+--------+--------+-----+--------+

Top non-repeatable levels by time:
   Orc:2: 2558 daAuts
   Orc:1: 2352 daAuts
     D:8: 2229 daAuts
     D:7: 2042 daAuts
     D:4: 1978 daAuts
     D:5: 1858 daAuts
     D:3: 1815 daAuts
     D:1: 1666 daAuts
     D:9: 1663 daAuts
    D:10: 1534 daAuts
     D:2: 1053 daAuts
     D:6: 955 daAuts
  Temple: 83 daAuts
